 Dungeon Crawl Stone Soup version 0.31-a0-236-g9a0961fb85 (webtiles) character file.

Game seed: 2948240729755819061

56 qw the Shooter (level 3, -2/30 HPs)
             Began as a Minotaur Hexslinger on July 10, 2023.
             Slain by a cerulean imp
             ... wielding a +1 spear
             ... summoned by Natasha
              (4 damage)
             ... on level 2 of the Dungeon.
             The game lasted 00:00:27 (1508 turns).

qw the Shooter (Minotaur Hexslinger)                Turns: 1508, Time: 00:00:28

Health: -2/30      AC:  2    Str: 12    XL:     3   Next: 69%
Magic:  3/3        EV: 12    Int: 10    God:
Gold:   28         SH:  0    Dex: 14    Spells: 3/4 levels left

rFire   . . .        Y - +1 sling
rCold   . . .        (no shield)
rNeg    . . .        c - +0 robe
rPois   .            (helmet restricted)
rElec   .            (no cloak)
rCorr   .            (no gloves)
SInv    .            (no boots)
Will    .....        (no amulet)
Stlth   +            (no ring)
HPRegen 0.25/turn    (no ring)
MPRegen 0.08/turn

%: no passive effects
@: no status effects
A: horns 2, retaliatory headbutt
a: no special abilities


You were on level 2 of the Dungeon.
You visited 1 branch of the dungeon, and saw 2 of its levels.

You collected 28 gold pieces.


Innate Abilities, Weirdness & Mutations

You have a pair of horns on your head.
You reflexively headbutt those who attack you in melee.


   Skills:
 - Level 2.4 Fighting
 + Level 4.0 Ranged Weapons
 - Level 2.1 Dodging
 - Level 1.0 Spellcasting
 - Level 2.0 Hexes


You had 3 spell levels left.
You knew the following spells:

 Your Spells              Type           Power      Damage    Failure   Level
a - Slow                  Hex            16%        N/A       16%         1

Your spell library contained the following spells:

 Spells                   Type           Power      Damage    Failure   Level
 Inner Flame              Hex/Fire       2%         N/A       56%         3
 Portal Projectile        Hex/Tloc       4%         N/A       56%         3
 Cause Fear               Hex            2%         N/A       83%         4

Inventory:

Hand Weapons
 Y - a +1 sling (weapon)
Armour
 b - a +0 leather armour
 c - a +0 robe (worn)
Scrolls
 a - a scroll of enchant armour
 d - a scroll of identify {unknown}
 g - a scroll of revelation {unknown}
 i - a scroll of fear {unknown}
Potions
 e - a potion of cancellation {unknown}
 f - a potion of enlightenment {unknown}
 h - a potion of curing {unknown}

Dungeon Overview and Level Annotations

Branches:
Dungeon (2/15)

Altars:

Annotations:
D:2 Natasha


Message History

The sling bullet hits the adder!
The adder is severely wounded.
Natasha extends her claws.
You shoot a sling bullet. The sling bullet hits the jackal.
The jackal is moderately wounded.
You shoot a sling bullet.
The sling bullet barely misses the jackal.
The sling bullet barely misses Natasha.
The sling bullet hits the adder.
You kill the adder!
The jackal closely misses you.
Natasha casts a spell.
The jackal bites you.
Your Ranged Weapons skill increases to level 4!
You shoot a sling bullet. The sling bullet hits the jackal.
You kill the jackal!
Natasha closely misses you. You furiously retaliate!
You headbutt Natasha. You shoot a sling bullet. The sling bullet hits Natasha.
Natasha is lightly wounded.
Natasha misses you. You furiously retaliate!
You headbutt Natasha, but do no damage. You shoot a sling bullet.
The sling bullet hits Natasha.
Natasha is lightly wounded.
Natasha casts a spell.
You shoot a sling bullet. The sling bullet hits Natasha.
Natasha is moderately wounded.
Natasha claws you! The cerulean imp misses you.
You shoot a sling bullet.
The sling bullet closely misses Natasha.
The sling bullet closely misses the cerulean imp.
The sling bullet closely misses the jackal.
Natasha claws you! The cerulean imp completely misses you.
The cerulean imp hits you with a +1 spear.
You shoot a sling bullet.
The sling bullet closely misses Natasha.
The sling bullet barely misses the cerulean imp.
The sling bullet hits the jackal.
You kill the jackal!
Natasha claws you! The cerulean imp barely misses you.
The cerulean imp hits you with a +1 spear.
You die...

#...........## ##.....#
##########...### ##.##.#
##....# #..#.#
##...######.#.##
##.....###.....
##.##........# .
##.....##.#.%.
....#######....####.##..
.....5h@5...##.##.......
....##########.##.##.###
. #######........##
#..........##....
#..........####..
#..........# ##. #####.#
#..........# #. #...#.#
#..........# ## #...#.#
#..........#


You could see Natasha and 2 cerulean imps.

Vanquished Creatures
  2 adders (D:2)
  A dart slug (D:2)
  5 ball pythons
  4 endoplasms
  A giant cockroach (D:2)
  3 goblins (D:1)
  3 hobgoblins (D:1)
  2 jackals (D:2)
  3 quokkas
  A bat (D:2)
  2 frilled lizards
  2 kobolds (D:1)
  6 rats
35 creatures vanquished.

Notes
Turn   | Place    | Note
-------+----------+-------------------------------------------
     0 | D:1      | qw the Minotaur Hexslinger began the quest for the Orb.
     0 | D:1      | Reached XP level 1. HP: 16/16 MP: 1/1
     0 | D:1      | 0 ||| qw: Version: 0.3-a-52-g30416fa
     0 | D:1      | 0 ||| qw: Game counter: 4839
     0 | D:1      | 0 ||| qw: Melee chars always use a shield: true
     0 | D:1      | 0 ||| qw: God list: Okawaru
     0 | D:1      | 0 ||| qw: Allow faded altars: false
     0 | D:1      | 0 ||| qw: Do Orc after clearing Dungeon:15 true
     0 | D:1      | 0 ||| qw: Do second Lair branch before Depths: true
     0 | D:1      | 0 ||| qw: Lair rune preference: random
     0 | D:1      | 0 ||| qw: Goals: Normal
     0 | D:1      | 0 ||| PLANNING D:1-11
   160 | D:1      | Reached skill level 3 in Ranged Weapons
   165 | D:1      | Reached XP level 2. HP: 23/23 MP: 2/2
   262 | D:1      | You fall into a shaft and drop 1 floor!
   356 | D:2      | 356 ||| READING 2 scrolls labelled XULOTIACHIP.
   357 | D:2      | 357 ||| READING scroll labelled LAECWU YMOLIN.
   358 | D:2      | 358 ||| READING scroll labelled YDGHIY RETWUF.
   359 | D:2      | 359 ||| DROPPING scroll of poison.
   664 | D:1      | Reached XP level 3. HP: 30/30 MP: 3/3
  1107 | D:2      | 1107 ||| STAIRDANCE
  1129 | D:2      | 1129 ||| STAIRDANCE
  1194 | D:2      | Found a faded altar of an unknown god.
  1194 | D:2      | Noticed an Ice Fiend
  1498 | D:2      | Noticed Natasha
  1503 | D:2      | Reached skill level 4 in Ranged Weapons
  1508 | D:2      | HP: 2/30 [Natasha (8)]
  1508 | D:2      | Slain by a cerulean imp

Levels and vault maps discovered:
D:1:      amcnicky_arrival_gap_in_the_tavern_cellar, layout_basic,
          serial_forest, infiniplex_forest_clump_diagonal,
          infiniplex_forest_lined_4_way, infiniplex_forest_diagonal,
          infiniplex_forest_clump_long, infiniplex_forest_end_2,
          infiniplex_forest_clump_large, nicolae_twisty_statue_hallways
D:2:      layout_rooms, dreamdust_ecumenical_altar_sealed_demon, uniq_natasha

Skill      XL: |  1  2  3 |
---------------+----------+-----
Ranged Weapons | 3 4 |  4.0
Fighting       | 2 |  2.4
Dodging        | |  2.1
Spellcasting   | |  1.0
Hexes          | |  2.0

Action                     || total
---------------------------++-------
   Fire: Sling             ||    95
    Use: Scroll            ||     3
 Armour: Robe              ||     2
  Dodge: Dodged            ||    20

Table legend:
 A = Non-vault XP
 B = Vault XP
 C = Vault XP percentage of total XP
 D = Non-vault monster count
 E = Vault monster count
 F = Vault count percentage of total count
                 A         B        C        D         E       F
            +---------+---------+-------+---------+---------+-------
      Total |      82 |       0 |   0.0 |      35 |       0 |   0.0
            +---------+---------+-------+---------+---------+-------
        D:1 |      33 |       0 |   0.0 |      20 |       0 |   0.0
        D:2 |      49 |       0 |   0.0 |      15 |       0 |   0.0
            +---------+---------+-------+---------+---------+-------
